 Dungeon Crawl Stone Soup version 0.30.1-11-g7821555f0a (webtiles) character file.

Game seed: 612003286328370070

315 BiteMe the Firebug (level 6, -2/41 HPs)
             Began as a Demonspawn Fire Elementalist on Dec 27, 2023.
             Slain by an iguana (3 damage)
             ... on level 5 of the Dungeon.
             The game lasted 00:34:38 (5299 turns).

BiteMe the Firebug (Demonspawn Fire Elementalist)   Turns: 5299, Time: 00:34:38

Health: -2/41      AC:  4    Str:  8    XL:     6   Next: 20%
Magic:  1/11       EV: 12    Int: 18    God:
Gold:   202        SH:  0    Dex: 14    Spells: 9/12 levels left

rFire   . . .        F - +2 quarterstaff (chaos)
rCold   . . .        (shield currently unavailable)
rNeg    . . .        a - +0 robe
rPois   .            (helmet restricted)
rElec   .            G - +0 cloak
rCorr   .            (no gloves)
SInv    .            (no boots)
Will    +....        (no amulet)
Stlth   ++           q - ring of willpower
HPRegen 0.26/turn    v - ring of wizardry
MPRegen 0.12/turn

%: wizardry (x1)
@: no status effects
A: horns 1, powered by death 1, sharp scales 1
a: no special abilities


You were on level 5 of the Dungeon.
You visited 1 branch of the dungeon, and saw 5 of its levels.

You collected 202 gold pieces.

Inventory:

Hand Weapons
 d - a +0 hand axe
 j - a +0 short sword
 o - a +0 trident
 t - a +0 mace
 y - a +0 scimitar
 B - the +0 war axe of Feboe {spect, +Blink Str+7 Int-3 Stlth-}
   (You found it on level 3 of the Dungeon)

   Str:       It affects your strength (+7).
   Int:       It affects your intelligence (-3).
   +Blink:    It lets you blink.
   Stlth:     It makes you less stealthy.
 C - a +0 long sword
 F - a +2 quarterstaff of chaos (weapon)
 J - a +0 flail
Armour
 a - a +0 robe (worn)
 e - a +0 ring mail
 A - a +0 ring mail
 G - a +0 cloak (worn)
Magical Staves
 u - a staff of cold
Jewellery
 q - a ring of willpower (left hand)
 v - a ring of wizardry (right hand)
 E - a ring of positive energy
Scrolls
 c - 3 scrolls of identify {unknown}
 f - 2 scrolls of immolation {unknown}
 g - a scroll of amnesia {unknown}
 h - a scroll of noise {unknown}
 i - a scroll of vulnerability {unknown}
 k - a scroll of enchant weapon {unknown}
 p - 4 scrolls of teleportation {unknown}
 x - a scroll of poison {unknown}
 D - a scroll of brand weapon {unknown}
 I - a scroll of enchant armour {unknown}
Potions
 b - 2 potions of magic
 l - a potion of brilliance {unknown}
 m - 3 potions of curing {unknown}
 n - a potion of flight {unknown}
 r - a potion of berserk rage {unknown}
 s - a potion of haste {unknown}
 w - 2 potions of cancellation {unknown}
 z - 3 potions of lignification {unknown}
 H - a potion of mutation {unknown}


   Skills:
 - Level 0.1 Fighting
 - Level 0.4 Axes
 + Level 0.1 Staves
 + Level 2.2 Dodging
 - Level 1.7 Stealth
 + Level 3.5 Spellcasting
 * Level 3.0 Conjurations
 * Level 4.5 Fire Magic


You had 9 spell levels left.
You knew the following spells:

 Your Spells              Type           Power      Damage    Failure   Level
a - Foxfire               Conj/Fire      64%        2x1d7     1%          1
b - Scorch                Fire           38%        2d6       1%          2

Your spell library contained the following spells:

 Spells                   Type           Power      Damage    Failure   Level
 Momentum Strike          Conj/Tloc      16%        3d8       5%          2
 Inner Flame              Hex/Fire       11%        N/A       8%          3
 Volatile Blastmotes      Fire/Tloc      22%        2d11      8%          3
 Blink                    Tloc           6%         N/A       10%         2
 Lesser Beckoning         Tloc           6%         N/A       10%         2
 Sublimation of Blood     Necr           3%         N/A       10%         2
 Flame Wave               Conj/Fire      16%        2d7       13%         4
 Fireball                 Conj/Fire      8%         3d6       34%         5
 Iskenderun's Battlesphe  Conj           14%        2d7       43%         5
 Animate Dead             Necr           3%         N/A       50%         4
 Petrify                  Tmut/Erth      3%         N/A       50%         4
 Irradiate                Conj/Tmut      4%         3d13      65%         5
 Conjure Ball Lightning   Conj/Air       4%         3x3d6     99%         6
 Haunt                    Necr/Summ      1%         N/A       100%        7
 Orb of Destruction       Conj           7%         9d6       100%        7
 Infestation              Necr           1%         N/A       100%        8


Dungeon Overview and Level Annotations

Branches:
Dungeon (5/15)
 Temple: D:4-7

Altars:
Kikubaaqudgha
Sif Muna


Innate Abilities, Weirdness & Mutations

You have a pair of small horns on your head.
You regenerate a little health from kills.
You are partially covered in razor-sharp scales. (AC +1, Slay +1)


Message History

The ice beast closely misses you.
You barely miss the ice beast. Your headbutt misses the ice beast.
The ice beast is severely wounded.
The ice beast hits you but does no damage.
The jelly hits you.
You are splashed with acid!
You thump the ice beast!
You kill the ice beast!
The jelly hits you but does no damage.
You have reached level 6!
Your demonic ancestry asserts itself...
Sharp scales grow over part of your body.
You hit the jelly. Lightning courses through the jelly!
You kill the jelly!
An iguana comes into view.
Your Conjurations skill increases to level 3!
Casting: Foxfire (safe; 1% risk of failure)
Press: ? - help, Q - select action, (/) - cycle Dir - look around, f - activate You conjure some foxfire!
The iguana hisses angrily.
The foxfire hits the iguana but does no damage.
The foxfire hits the iguana.
The iguana is lightly wounded.
You hit the iguana. Your headbutt misses the iguana.
The iguana is moderately wounded.
The iguana barely misses you.
You hit the iguana. You burn the iguana. Your headbutt misses the iguana.
The iguana is heavily wounded.
The iguana bites you!
You hit the iguana but do no damage.
The iguana seems to speed up.
The iguana is heavily wounded.
The iguana bites you!
* * * LOW HITPOINT WARNING * * *
The iguana closely misses you.
You hit the iguana.
The iguana seems to slow down.
You freeze the iguana.
You headbutt the iguana, but do no damage.
The iguana is almost dead.
The iguana bites you.
* * * LOW HITPOINT WARNING * * *
The iguana bites you.
You die...

. # ...
#####.##
.....#......##
......l@.....#
............##
.........##.#
.......### #
.###..# #..
#.. .##


You could see an iguana (fast, slow).

Vanquished Creatures
  An ice beast (D:5)
  A scorpion (D:4)
  A jelly (D:5)
  Crazy Yiuf (D:2)
  2 adders
  A worm (D:3)
  4 dart slugs
  5 orcs
  5 endoplasms
  2 giant cockroaches (D:2)
  5 goblins
  9 hobgoblins
  3 jackals (D:3)
  7 kobolds
  6 quokkas
  9 ball pythons
  7 bats
  3 frilled lizards
  7 rats
79 creatures vanquished.

Vanquished Creatures (others)
  148 foxfires
148 creatures vanquished.

Grand Total: 227 creatures vanquished

Notes
Turn   | Place    | Note
-------+----------+-------------------------------------------
     0 | D:1      | BiteMe the Demonspawn Fire Elementalist began the quest for
                  | the Orb.
     0 | D:1      | Reached XP level 1. HP: 13/13 MP: 3/3
   221 | D:1      | Gained mutation: You have a pair of small horns on your
                  | head. [demonic ancestry]
   221 | D:1      | Reached XP level 2. HP: 19/19 MP: 5/5
   475 | D:2      | Reached skill level 3 in Fire Magic
  1558 | D:1      | Reached XP level 3. HP: 24/24 MP: 4/6
  1563 | D:1      | Learned a level 2 spell: Scorch
  2607 | D:2      | Found a runed translucent door.
  2608 | D:2      | Noticed Crazy Yiuf
  2995 | D:3      | Found an ancient bone altar of Kikubaaqudgha.
  3032 | D:4      | Reached XP level 4. HP: 30/30 MP: 3/7
  4023 | D:3      | Identified the +0 war axe of Feboe {spect, +Blink Str+7
                  | Int-3 Stlth-}
  4367 | D:3      | Found a shimmering blue altar of Sif Muna.
  4816 | D:2      | Killed Crazy Yiuf
  5030 | D:4      | Noticed a scorpion
  5035 | D:4      | Killed a scorpion
  5036 | D:4      | Reached skill level 4 in Fire Magic
  5036 | D:4      | Gained mutation: You regenerate a little health from kills.
                  | [demonic ancestry]
  5036 | D:4      | Reached XP level 5. HP: 35/35 MP: 2/9
  5282 | D:5      | Entered Level 5 of the Dungeon
  5282 | D:5      | Noticed an ice beast
  5290 | D:5      | Killed an ice beast
  5291 | D:5      | Gained mutation: You are partially covered in razor-sharp
                  | scales. (AC +1, Slay +1) [demonic ancestry]
  5291 | D:5      | Reached XP level 6. HP: 24/41 MP: 1/11
  5299 | D:5      | HP: 1/41 [iguana (4)]
  5299 | D:5      | Slain by an iguana

Illustrated notes

Levels and vault maps discovered:
D:1:      spicycebolla_arrival_clurvy, layout_loops_ring
D:2:      layout_basic, serial_rivers, chequers_serial_rivers_room_b,
          chequers_serial_rivers_micro_d, chequers_serial_rivers_micro_d,
          chequers_serial_rivers_micro_b, grunt_ministairs_15,
          minmay_pentomino_v4, uniq_crazy_yiuf_cottage
D:3:      layout_loops_ring, mainiacjoe_overflow_alcove_1, minitemple
D:4:      layout_cave_pools
D:5:      layout_layer_cave, mainiacjoe_overflow_big_doors,
          lightli_sewer_entry_pipes, ebering_ghost_disaster_area

Skill      XL: |  1  2  3  4  5  6 |
---------------+-------------------+-----
Fire Magic     | 3 4 |  4.5
Dodging        | 2 |  2.2
Conjurations   | 2 3 |  3.0
Spellcasting   | 3 |  3.5
Fighting       | |  0.1
Axes           | |  0.4
Staves         | |  0.1
Stealth        | |  1.7

Action                     |  1- 3 |  4- 6 || total
---------------------------+-------+-------++-------
  Melee: Hand axe          |    43 |    14 ||    57
         Headbutt          |     7 |     3 ||    10
         Punch             |     1 |       ||     1
         Quarterstaff      |       |     8 ||     8
   Cast: Foxfire           |    53 |    33 ||    86
         Scorch            |     2 |    19 ||    21
    Use: Potion            |     2 |       ||     2
   Stab: Sleeping          |     2 |     2 ||     4
 Armour: Robe              |    20 |     3 ||    23
  Dodge: Dodged            |    59 |    18 ||    77
